 Dungeon Crawl Stone Soup version 0.28.0 (webtiles) character file.

Game seed: 6798535391400201519

43 Dorkslayer the Skirmisher (level 3, -3/26 HPs)
             Began as an Octopode Fighter on June 16, 2022.
             Slain by an adder (5 damage)
             ... on level 2 of the Dungeon.
             The game lasted 00:01:35 (1057 turns).

Dorkslayer the Skirmisher (Octopode Fighter)        Turns: 1057, Time: 00:01:36

Health: -3/26      AC:  1    Str: 17    XL:     3   Next: 58%
Magic:  3/3        EV: 13    Int: 10    God:
Gold:   23         SH:  4    Dex: 11    Spells: 2/2 levels left

rFire   . . .      SeeInvis .   a - +0 long sword
rCold   . . .      Faith    .   b - +0 buckler
rNeg    . . .      Spirit   .   (helmet restricted)
rPois   .          Reflect  .   (no amulet)
rElec   .          Harm     .   (no ring)
rCorr   .          Rampage  .   (no ring)
Will    .....                   (no ring)
Stlth   ++........              (no ring)
HPRegen 0.08/turn               (no ring)
MPRegen 0.08/turn               (no ring)
                                (no ring)
                                (no ring)

@: lethally poisoned (-3 -> -7)
A: almost no armour, amphibious, 8 rings, camouflage 1, gelatinous body 1,
(nimble swimmer 1), tentacles
a: no special abilities


You were on level 2 of the Dungeon.
You visited 1 branch of the dungeon, and saw 2 of its levels.

You collected 23 gold pieces.

Inventory:

Hand Weapons
 a - a +0 long sword (weapon)
Armour
 b - a +0 buckler (worn)
Scrolls
 e - a scroll of teleportation {unknown}
 f - a scroll of identify {unknown}
 j - a scroll of vulnerability {unknown}
Potions
 c - a potion of might
 d - a potion of heal wounds {unknown}
 g - a potion of mutation {unknown}
 h - a potion of degeneration {unknown}
 i - a potion of curing {unknown}


   Skills:
 + Level 3.4 Fighting
 + Level 2.4 Long Blades
 + Level 3.2 Dodging
 + Level 0.5 Stealth
 + Level 3.2 Shields
 * Level 1.2 Unarmed Combat


You had 2 spell levels left.
You didn't know any spells.
Your spell library contained the following spells:

 Spells                   Type           Power      Damage    Failure   Level
 Conjure Flame            Conj/Fire      0%         6-21      83%         3
 Ignite Poison            Fire/Tmut/Pois 0%         N/A       83%         3
 Sticky Flame             Conj/Fire      0%         2d3       99%         4


Dungeon Overview and Level Annotations

Branches:
Dungeon (2/15)

Altars:

Shops:
D:2 :


Innate Abilities, Weirdness & Mutations

You cannot wear most types of armour.
You are amphibious.
You can wear up to eight rings at the same time.
Your skin changes colour to match your surroundings (Stealth+).
Your rubbery body absorbs attacks. (AC +1, EV +1)
((You are camouflaged when in or above water. (Stealth+)))
You have tentacles for arms and can constrict up to eight enemies at once.


Message History

Found a scroll labelled YTSEURPH NUMIVE.
The ball python misses you. The ball python completely misses you.
You hit the ball python.
You kill the ball python!
i - a pink potion
j - a scroll labelled YTSEURPH NUMIVE
There are no items here.
A rat comes into view.
Found Dickocko's Book Emporium.
There is a fountain of clear blue water here.
The helpless rat fails to defend itself.
You slash the rat!
You kill the rat!
You see here a rat corpse.
There is an entrance to Dickocko's Book Emporium here.
An adder is nearby!
There is a fountain of clear blue water here.
The adder closely misses you.
You closely miss the adder. Your grab misses the adder.
The adder closely misses you. The adder bites you.
You are poisoned.
The adder poisons you!
You hit the adder. Your grab misses the adder.
The adder is moderately wounded.
You feel sick. The adder misses you. The adder completely misses you.
You hit the adder. Your grab misses the adder.
The adder is heavily wounded.
You feel sick. The adder closely misses you. The adder bites you.
You closely miss the adder. Your grab misses the adder.
The adder is heavily wounded.
You feel sick. The adder bites you.
* * * LOW HITPOINT WARNING * * *
You are lethally poisoned!
The adder poisons you!
You barely miss the adder. You grab the adder. You squeeze the adder.
The adder is severely wounded.
You constrict the adder.
* * * LOW HITPOINT WARNING * * *
You feel sick. You block the adder's attack. The adder bites you.
You die...

#.......#..............
#...........#..##......
#..............##.#..##
#...................... .
#.......##..##..#.#..## ..
#.......##.............
...#####...##..##.........
.........S##..####..#..##
........@................
#####⌠.⌠..#...#.##..#...#
#.∩†......# #.......
#⌠.⌠..#.#.# ##.#...#
..........#.. ......#
........^......
##.####.#.#.### #. #.#.#.#
# #.... .


You could see an adder.

Vanquished Creatures
  A gnoll (D:1)
  2 dart slugs
  5 ball pythons
  3 endoplasms (D:1)
  2 giant cockroaches (D:1)
  A goblin (D:2)
  2 hobgoblins
  2 quokkas
  4 kobolds (D:1)
  6 rats
28 creatures vanquished.

Notes
Turn   | Place    | Note
-------+----------+-------------------------------------------
     0 | D:1      | Dorkslayer the Octopode Fighter began the quest for the
                  | Orb.
     0 | D:1      | Reached XP level 1. HP: 16/16 MP: 1/1
   206 | D:1      | Reached XP level 2. HP: 20/21 MP: 2/2
   311 | D:1      | Found a faded altar of an unknown god.
   332 | D:1      | Reached skill level 1 in Unarmed Combat
   332 | D:1      | Reached XP level 3. HP: 9/26 MP: 3/3
  1028 | D:2      | Found Dickocko's Book Emporium.
  1057 | D:2      | Slain by an adder

Illustrated notes

Levels and vault maps discovered:
D:1:      tarquinn_simple_flora_water_a, layout_basic,
          hellmonk_ecumenical_altar_leap_of_faith, hex_intersection
D:2:      layout_basic, serial_shops, shop_fountains, patterned_corridor

Skill      XL: |  1  2 |
---------------+-------+-----
Unarmed Combat | 1 |  1.2
Fighting       | |  3.4
Long Blades    | |  2.4
Dodging        | |  3.2
Stealth        | |  0.5
Shields        | |  3.2

Action                   || total
-------------------------++-------
Melee: Long sword        ||    49
       Constrict         ||    13
       Tentacles         ||     6
       Punch             ||     2
 Stab: Sleeping          ||     5
Armor: Skin              ||     5
Dodge: Dodged            ||    32
Block: Buckler           ||    11
